[Event "Rapide Futuroscope"]
[Site "Futuroscope, France"]
[Date "2019.12.01"]
[Round "6.3"]
[White "LAGARDE, Maxime"]
[Black "Rodriguez Rodriguez, Antonio"]
[Result "1-0"]
[TimeControl "15' + 3''"]
[WhiteTitle "GM"]
[WhiteFideId "662399"]
[WhiteElo "2661"]
[BlackElo "2114"]

1. e4 d6 2. d4 Nf6 3. Nc3 Nc6 4. d5 Nb8 5. Bc4 a6 6. a4 g6 7. Nge2 Bg7 8. O-O O-O 9. h3 a5 10.
Re1 Na6 11. Nd4 Nc5 12. Bg5 h6 13. Bf4 Nfd7 14. Qd2 Ne5 15. Bf1 Kh7 16. Bh2 e6 17. f4 exd5 18. fxe5 dxe5 19. Nf3 d4 20. Nd1 Qe7 21. Nf2 Bd7 22.
Nd3 f6 23. Nxc5 Qxc5 24. Bd3 h5 25. Rf1 Bh6 26. Qe2 g5 27. Kh1 Rg8 28. Rad1 g4 29. Nh4 g3 30. Bg1 Rg5 31. Rxf6 Rag8 32. Nf5 Bxf5 33. exf5 Qe7 34. Re6 Qf8 35.
Qxe5 Bg7 36. f6+ 1-0

[ePGN "0.1;DGT LiveChess/2.2.5"]

[Event "Rapide Futuroscope"]
[Site "Futuroscope, France"]
[Date "2019.12.01"]
[Round "7.1"]
[White "Demuth, Adrien"]
[Black "Edouard, Romain"]
[Result "1/2-1/2"]
[TimeControl "15' + 3''"]
[WhiteElo "2502"]
[BlackElo "2635"]

1. Nf3 c5 2. e3 g6 3. d4 Bg7 4. dxc5 Qa5+ 5. Nbd2 Nf6 6. a3 Qxc5 7. b4 Qc7 8. Bb2 O-O 9. c4 d6 10.
Be2 b6 11. O-O Bb7 1/2-1/2

[Event "Rapide Futuroscope"]
[Site "Futuroscope, France"]
[Date "2019.12.01"]
[Round "7.5"]
[White "Malassagne, Raphael"]
[Black "Dieu, Bruno"]
[Result "1-0"]
[TimeControl "15' + 3''"]
[WhiteElo "2254"]
[BlackElo "2223"]

1. d4 e6 2. Bf4 d5 3. e3 c5 4. c3 Nc6 5. Nd2 Bd6 6. Bg3 Nge7 7. Ngf3 Nf5 8. Bxd6 Qxd6 9. Bd3 c4 10. Bc2 O-O 11. e4 dxe4 12. Nxe4 Qd5 13. O-O b6 14. Re1 Bb7 15.
Nfd2 Nce7 16. Qg4 Ng6 17. Rad1 Nh6 18. Qh3 Rae8 19. f3 f5 20. Ng5 e5 21. Nxc4 exd4 22. Rxe8 Rxe8 23. Rxd4 Qc5 24. Nd6 Re1+ 25. Kf2 Re2+ 26. Kxe2 Qxd4 27. cxd4 Nf4+ 28. Ke3 Nxh3 29. Nxh3 1-0

[Event "Rapide Futuroscope"]
[Site "Futuroscope, France"]
[Date "2019.12.01"]
[Round "7.2"]
[White "Sochacki, Christophe"]
[Black "Navrotescu, Andreea-Cristiana"]
[Result "1-0"]
[TimeControl "15' + 3''"]
[WhiteElo "2484"]
[BlackElo "2241"]

1. Nf3 c5 2. b3 Nc6 3. Bb2 d6 4. e3 e5 5. d4 cxd4 6. exd4 e4 7. Nfd2 Nf6 8. c4 Qe7 9. Be2 e3 10. fxe3 Qxe3 11. Nf1 Qe7 12.
Nc3 Bg4 13. d5 Ne5 14. Ne3 Ng6 15. Qd4 Bxe2 16. Nxe2 Qe4 17. O-O Qxd4 18. Nxd4 Ne5 19. Rad1 O-O-O 20. c5 dxc5 21. Nb5 a6 22. Bxe5 axb5 23. a4 bxa4 24.
bxa4 Bd6 25. Bxf6 gxf6 26. Rxf6 Be5 27. Rf3 Bd4 28. Kf1 Rhe8 29. Nc4 f6 30. d6 Kd7 31. Rb3 Kc6 32. Rc1 Re4 33. Rb6+ Kd5 34. Rxb7 Rf4+ 35. Ke2 Rf2+ 36. Kd3 Rxg2 37. Rf1 Rxh2 38. Rf5+ Ke6 39. Rf3 Rh5 40. a5 Kd5 41. a6 Kc6 42. Rc7+ Kb5 43.
a7 Ra8 44. d7 Rd5 45. Rb7+ Kc6 46. Rb8 Rxa7 47. d8=Q Rxd8
48. Rxd8 Ra1 49. Rd6+ Kc7 50. Rh3 Rd1+ 51. Ke4 Rc1 52.
Rxh7+ Kc8 53. Nb6+ 1-0

[Event "Rapide Futuroscope"]
[Site "Futuroscope, France"]
[Date "2019.12.01"]
[Round "7.3"]
[White "Gaborit, Jean-Pierre"]
[Black "Lagarde, Maxime"]
[Result "0-1"]
[TimeControl "15' + 3''"]
[WhiteElo "2188"]
[BlackElo "2657"]

1. d4 f5 2. Nc3 Nf6 3. Bg5 d5 4. Bxf6 exf6 5. e3 Be6 6. h4 Qd7 7. Bd3 Nc6 8. a3 a6 9. Nh3 Bd6 10. g3 Ne7 11. Nf4 Bf7 12.
Qd2 O-O 13. Kf1 b5 14. Kg2 c6 15.
Nce2 Nc8 16. h5 Bc7 17. a4 Nd6 18. c3 g5 19. hxg6 hxg6 20. Nc1 Ne4 21. Qe2 Kg7 22. Nb3 Bd6 23. Bxe4 fxe4 24. Nc5 Bxc5 25.
dxc5 Rh8 26. Rxh8 Rxh8 27. Rh1 Rxh1 28.
Kxh1 g5 29. Ng2 Qh3+ 30. Kg1 Bh5 0-1

[Event "Rapide Futuroscope"]
[Site "Futuroscope, France"]
[Date "2019.12.01"]
[Round "7.4"]
[White "Fournier, Loic"]
[Black "Pottier, Simeon"]
[Result "1-0"]
[TimeControl "15' + 3''"]
[WhiteElo "2150"]
[BlackElo "2205"]

1. d4 Nf6 2. Nf3 c5 3. c3 g6 4. Bf4 b6 5. e3 Bg7 6.
Be2 O-O 7. O-O Bb7 8. Nbd2 d6 9.
h3 Nbd7 10. a4 a6 11. Rc1 Rc8 12. Bh2 Rc7 13. Qb3 Qa8 14.
Rfe1 Ne4 15. Bf1 Rb8 16. Nxe4 Bxe4 17. Ng5 Qd5 18. Qxd5 Bxd5 19. Bxa6 Ra8 20. Bb5 Bb3 21. Ra1 Nf6 22. Ra3 c4 23. e4 Rca7 24.
Nf3 d5 25. exd5 Nxd5 26. Bc6 Rd8 27. Nd2 e6 28. Nxb3 cxb3 29. Rxb3 1-0